 Dungeon Crawl Stone Soup version 0.23.2-40-g277498a001 (webtiles) character file.

Game seed: 15838681104652825539

1496 Chiseanne the Covert (level 8, -2/56 HPs)
             Began as an Octopode Assassin on Oct 4, 2019.
             Was an Initiate of Gozag.
             Slain by a killer bee (10 damage)
             ... on level 6 of the Dungeon.
             The game lasted 00:17:22 (6566 turns).

Chiseanne the Covert (Octopode Assassin)            Turns: 6566, Time: 00:17:23

Health: -2/56      AC:  1    Str: 10    XL:     8   Next: 81%
Magic:  8/8        EV: 17    Int: 13    God:    Gozag
Gold:   404        SH:  0    Dex: 16    Spells: 7/7 levels left

rFire    . . .     SeeInvis +   a - +2 dagger
rCold    . . .     Gourm    .   (no shield)
rNeg     + . .     Faith    .   (helmet restricted)
rPois    .         Spirit   .   (no amulet)
rElec    .         Reflect  .   x - ring of see invisible
rCorr    .         Harm     .   u - ring of positive energy
MR       +....                  I - ring of protection from magic
Stlth    +++++.....             (no ring)
HPRegen  0.18/turn              (no ring)
MPRegen  0.11/turn              (no ring)
                                (no ring)
                                (no ring)

@: lethally poisoned (-2 -> -15), about to teleport
A: almost no armour, stealthy swim, amphibious, 8 rings, constrict 8, camouflage
1, gelatinous body 1
a: Potion Petition, Call Merchant, Bribe Branch, Renounce Religion


You were on level 6 of the Dungeon.
You worshipped Gozag.
Gozag was aware of your devotion.
You were not hungry.

You visited 2 branches of the dungeon, and saw 8 of its levels.

You collected 538 gold pieces.
You paid 134 gold pieces to Gozag.

Inventory:

Hand Weapons
 a - a +2 dagger (weapon)
 b - a +0 dire flail of protection
 e - a +0 mace of protection
 h - a +4 quarterstaff of chaos
 s - a +2 whip of electrocution
 t - a +2 mace of protection
 w - a +0 blowgun
 H - a +2 dagger of protection
Missiles
 c - 61 poisoned needles
 g - 179 stones (quivered)
 l - 140 arrows
 m - 56 sling bullets
 o - 4 tomahawks
 r - a curare-tipped needle
 C - 53 bolts
Jewellery
 u - a ring of positive energy (right tentacle)
 x - a ring of see invisible (left tentacle)
 I - a ring of protection from magic (on tentacle)
Wands
 y - a wand of iceblast (7)
 A - a wand of random effects (10)
Scrolls
 i - 2 scrolls of teleportation
 B - 3 scrolls of magic mapping
 D - 2 scrolls of fog
 E - a scroll of remove curse
Potions
 d - 2 potions of curing {unknown}
 j - a potion of ambrosia {unknown}
 k - 3 potions of lignification {unknown}
 n - a potion of cancellation {unknown}
 p - a potion of resistance {unknown}
 q - a potion of invisibility {unknown}
 v - a potion of mutation {unknown}
 F - a potion of heal wounds
 G - a potion of might {unknown}
 J - a potion of haste {unknown}
 K - a potion of brilliance {unknown}
Comestibles
 f - 6 rations


   Skills:
 * Level 5.4 Fighting
 - Level 4.2 Short Blades
 - Level 2.0 Throwing
 * Level 6.4 Dodging
 - Level 9.5 Stealth


You had 7 spell levels left.
You didn't know any spells.
Your spell library contained the following spells:

 Spells                   Type           Power        Failure   Level  Hunger
 Corona                   Hex            #......      30%         1    ##.....
 Ensorcelled Hibernation  Hex/Ice        #.....       43%         2    ###....
 Confuse                  Hex            #.......     67%         3    ####...
 Dazzling Spray           Conj/Hex       #.....       67%         3    ####...
 Tukima's Dance           Hex            #.......     67%         3    ####...


Dungeon Overview and Level Annotations

Branches:
Dungeon (7/15)             Temple (1/1) D:6

Altars:
Ashenzari
Dithmenos
Elyvilon
Fedhas
Gozag
Hepliaklqana
Kikubaaqudgha
Makhleb
Nemelex Xobeh
Okawaru
Qazlal
Ru
Sif Muna
Trog
Uskayaw
Vehumet
Wu Jian
Xom
Zin
The Shining One

Annotations:
D:6 Eustachio


Innate Abilities, Weirdness & Mutations

You cannot wear most types of armour.
You are very stealthy in the water. (Stealth+)
You are amphibious.
You can wear up to eight rings at the same time.
You can use your tentacles to constrict eight enemies at once.
Your skin changes colour to match your surroundings (Stealth+).
Your rubbery body absorbs attacks. (AC +1, EV +1)


Message History

You feel sick. The killer bee misses you. The killer bee stings you!
You are more poisoned.
The killer bee poisons you! The killer bee closely misses you.
The killer bee stings you!
You are more poisoned.
The killer bee poisons you! The killer bee closely misses you.
The killer bee completely misses you. The killer bee barely misses you. x2
You climb upwards.
Level annotation: Eustachio
* * * LOW HITPOINT WARNING * * *
You feel sick.
There is a stone staircase leading down here.
As you read the scroll of teleportation, it crumbles to dust.
You feel strangely unstable.
You feel sick. The killer bee stings you.
* * * LOW HITPOINT WARNING * * *
The killer bee misses you. The killer bee stings you.
* * * LOW HITPOINT WARNING * * *
The killer bee barely misses you. The killer bee stings you!
You die...
Your body crumbles into a pile of gold.

##.#.........####.......).......
###.#...............##...........
#....###.......###.##....#.......
##..##....#...###........#..##...
##.###...#.............##.##...#
### ##.###.......#...#. ###
##....)###.## ##.y.y......
##y@y...### ####...... ##.... #..
#


You could see 4 killer bees.

Vanquished Creatures
  A hungry ghost (D:6)
  A sky beast (D:6)
  An ice beast (D:5)
  An ogre (D:5)
  A phantom (D:6)
  A crocodile (D:4)
  3 scorpions
  2 crimson imps (D:5)
  2 bullfrog zombies (D:5)
  2 bullfrog skeletons (D:5)
  3 orc priests
  Crazy Yiuf (D:3)
  3 hounds
  Terence (D:3)
  A worker ant (D:6)
  An orc wizard (D:6)
  Natasha (thrice) (D:3)
  A hound zombie (D:5)
  3 hound skeletons
  A river rat (D:5)
  7 adders
  A shadow imp (D:6)
  An ooze (D:4)
  An adder zombie (D:5)
  3 dart slugs
  3 leopard geckos
  19 orcs
  7 bats
  4 giant cockroaches
  6 goblins
  9 hobgoblins
  7 jackals
  A quokka (D:5)
  4 frilled lizards
  6 kobolds
  A leopard gecko skeleton (D:4)
  A quokka skeleton (D:4)
  9 rats
123 creatures vanquished.

Notes
Turn   | Place    | Note
-------+----------+-------------------------------------------
     0 | D:1      | Chiseanne the Octopode Assassin began the quest for the
                  | Orb.
     0 | D:1      | Reached XP level 1. HP: 14/14 MP: 1/1
   212 | D:1      | Reached XP level 2. HP: 19/19 MP: 2/2
   499 | D:1      | Reached skill level 6 in Stealth
   635 | D:2      | Reached XP level 3. HP: 24/24 MP: 3/3
   739 | D:2      | Found a deep blue altar of Sif Muna.
   740 | D:2      | Found a hide-covered altar of Uskayaw.
   746 | D:2      | Found a radiant altar of Vehumet.
   828 | D:2      | Found a faded altar of an unknown god.
   917 | D:2      | Reached XP level 4. HP: 22/29 MP: 4/4
  1083 | D:2      | Found a shattered altar of Ashenzari.
  1291 | D:2      | Found a burning altar of Makhleb.
  1746 | D:2      | Reached skill level 7 in Stealth
  1746 | D:2      | Reached XP level 5. HP: 14/34 MP: 5/5
  2816 | D:3      | Found a runed translucent door.
  2817 | D:3      | Noticed Crazy Yiuf
  2831 | D:3      | Killed Crazy Yiuf
  2987 | D:3      | Noticed Natasha
  2994 | D:3      | Killed Natasha
  2994 | D:3      | Reached XP level 6. HP: 38/39 MP: 6/6
  2997 | D:3      | Reached skill level 8 in Stealth
  3158 | D:3      | Noticed Terence
  3179 | D:3      | Noticed Natasha
  3191 | D:3      | Killed Terence
  3213 | D:3      | Killed Natasha
  3582 | D:4      | Noticed Ijyb
  3588 | D:4      | Noticed Ijyb
  3588 | D:4      | Ijyb changed into Ijyb the hound
  3593 | D:4      | Killed Ijyb the hound
  3989 | D:4      | Noticed Edmund
  3994 | D:4      | Noticed Edmund
  3994 | D:4      | Edmund changed into Edmund the crocodile
  4003 | D:4      | Killed Edmund the crocodile
  4003 | D:4      | Reached skill level 9 in Stealth
  4003 | D:4      | Reached XP level 7. HP: 30/45 MP: 7/7
  4494 | D:5      | Entered Level 5 of the Dungeon
  4834 | D:6      | Found a staircase to the Ecumenical Temple.
  4862 | Temple   | Entered the Ecumenical Temple
  4922 | Temple   | Became a worshipper of Gozag Ym Sagoz the Greedy
  4938 | D:6      | Found an iron altar of Okawaru.
  5057 | D:6      | Noticed a hungry ghost
  5070 | D:6      | Killed a hungry ghost
  5070 | D:6      | Reached skill level 5 in Dodging
  5070 | D:6      | Reached XP level 8. HP: 50/54 MP: 8/8
  5760 | D:3      | Noticed Natasha
  5768 | D:3      | Killed Natasha
  6012 | D:5      | Found a shadowy altar of Dithmenos.
  6012 | D:5      | Noticed Grinder
  6018 | D:5      | Noticed Grinder
  6018 | D:5      | Grinder changed into Grinder the crimson imp
  6028 | D:5      | Killed Grinder the crimson imp
  6107 | D:5      | Noticed Sigmund
  6123 | D:5      | Noticed Sigmund
  6123 | D:5      | Sigmund changed into Sigmund the river rat
  6127 | D:5      | Killed Sigmund the river rat
  6166 | D:5      | Reached skill level 5 in Fighting
  6429 | D:6      | Noticed Eustachio
  6430 | D:6      | Noticed Eustachio
  6430 | D:6      | Eustachio changed into Eustachio the acid dragon
  6566 | D:6      | Slain by a killer bee

Skill      XL: |  1  2  3  4  5  6  7  8 |
---------------+-------------------------+-----
Stealth        | 6 7 9 |  9.5
Dodging        | 2 3 5 6 |  6.4
Short Blades   | 3 4 |  4.2
Fighting       | 3 5 |  5.4
Throwing       | |  2.0

Action                   |  1- 3 |  4- 6 |  7- 9 || total
-------------------------+-------+-------+-------++-------
Melee: Dagger            |    52 |    37 |    20 ||   109
       Constrict         |    11 |    22 |    24 ||    57
       Tentacles         |     8 |    11 |    17 ||    36
       Whip              |       |    62 |    74 ||   136
 Fire: Blowgun           |       |     3 |       ||     3
Throw: Stone             |       |     1 |     1 ||     2
Evoke: Wand              |       |     3 |     7 ||    10
  Use: Scroll            |     1 |     9 |     4 ||    14
       Potion            |       |     3 |     2 ||     5
 Stab: Sleeping          |    10 |    18 |    12 ||    40
  Eat: Chunk             |       |     6 |     3 ||     9
       Ration            |       |     1 |     2 ||     3
Armor: Skin              |     1 |     3 |     4 ||     8
Dodge: Dodged            |    26 |    67 |    70 ||   163
